 Dungeon Crawl Stone Soup version 0.18-a0-822-gb52b7b4 (webtiles) character file.

3150 Sixotanaka the Destroyer (level 9, -6/51 HPs)
             Began as an Octopode Fire Elementalist on Dec 16, 2015.
             Shot with an arrow by a centaur warrior (26 damage)
             ... on level 8 of the Dungeon.
             The game lasted 00:33:34 (9615 turns).

Sixotanaka the Destroyer (OpFE)                     Turns: 9615, Time: 00:33:34

Health: -6/51      AC:  1    Str: 11    XL:     9   Next: 93%
Magic:  3/12       EV: 12    Int: 28    God:
Gold:   360        SH:  0    Dex: 13    Spells: 3 memorised, 4 levels left

rFire  + . .     SeeInvis .     g - +0 hunting sling
rCold  . . .     Gourm    .     (no shield)
rNeg   . . .     Faith    .     (helmet restricted)
rPois  .         Spirit   .     (no amulet)
rElec  .         Dismiss  .     e - +4 ring of strength
rCorr  .         Reflect  .     m - +6 ring of intelligence
SustAt .         Harm     .     F - ring of protection from fire
MR     +....                    D - ring of flight
Stlth  +++.......               l - ring of protection from magic
                                h - +2 ring of intelligence
                                (no ring)
                                (no ring)

@: somewhat resistant to hostile enchantments, fairly stealthy
A: almost no armour, amphibious, 8 rings, constrict 8, camouflage 1, gelatinous
body 1
a: Evoke Flight


You were on level 8 of the Dungeon.
You were hungry.

You visited 1 branch of the dungeon, and saw 8 of its levels.

You collected 360 gold pieces.


Innate Abilities, Weirdness & Mutations

You cannot wear most types of armour.
You are amphibious.
You can wear up to eight rings at the same time.
You can use your tentacles to constrict eight enemies at once.
Your skin changes colour to match your surroundings (Stealth).
Your rubbery body absorbs attacks (AC +1).


   Skills:
 - Level 2.0 Dodging
 - Level 2.6 Stealth
 - Level 2.0 Spellcasting
 + Level 13.1 Conjurations
 - Level 3.0 Fire Magic


You had 4 spell levels left.
You knew the following spells:

 Your Spells              Type           Power        Failure   Level  Hunger
x - Sticky Flame          Conj/Fire      #####...     3%          4    ####...
y - Conjure Flame         Conj/Fire      #####...     1%          3    ###....
z - Flame Tongue          Conj/Fire      #####        1%          1    None


Dungeon Overview and Level Annotations

Branches:
Dungeon (8/15)
 Temple: D:4-7         Lair: D:8-11

Altars:
Gozag
Nemelex Xobeh
Pakellas

Shops:
D:7 [

Annotations:
D:4 Sigmund
D:7 exclusions: killer bee and 2 more exclusions

Inventory:

Hand Weapons
 g - a +0 hunting sling (weapon)
Missiles
 k - 49 stones (quivered)
 s - 29 poisoned needles
Jewellery
 e - a +4 ring of strength (left tentacle)
 h - a +2 ring of intelligence (on tentacle)
 l - a ring of protection from magic (on tentacle)
 m - a +6 ring of intelligence (right tentacle)
 D - a ring of flight (on tentacle)
 F - a ring of protection from fire (on tentacle)
Wands
 E - a wand of magic darts (2)
 G - a wand of confusion (35)
 N - a wand of polymorph (12)
Scrolls
 f - 3 scrolls of enchant weapon {unknown}
 i - 2 scrolls of magic mapping {unknown}
 j - 2 scrolls of enchant armour {unknown}
 n - 3 scrolls of amnesia {unknown}
 o - 7 scrolls of remove curse {@r2}
 q - a scroll of teleportation {unknown}
 r - 4 scrolls of recharging
 y - a scroll of fear {unknown}
 I - 2 scrolls of immolation {unknown}
Potions
 p - a potion of heal wounds {@q2}
 u - 2 potions of magic {unknown}
 v - a potion of cure mutation {unknown}
 x - a potion of mutation {unknown}
 z - a potion of invisibility {unknown}
 A - 3 potions of cancellation
 B - 4 potions of curing {@q1}
 C - a potion of lignification {unknown}
 H - a potion of degeneration {unknown}
 J - a potion of poison {unknown}
 K - a potion of agility {unknown}
 M - a potion of resistance {unknown}
Books
 a - a book of Flames
Comestibles
 b - 9 bread rations
 c - 4 fruits
 d - 7 chunks of flesh
 t - 4 meat rations

...# #.# #...........#...#
##÷####.# #...#######'#...#
#.....#.###...#....[....8.#
#.....#...#.[.#....8......#
..........#...#...........#
###.####.##...#####5.[(?..#
###.# #.##.......c......%.
)<..# #.##...[...#(.(...8.
##### #.##[....@.#.8......
.#######.######...#...#'###
........># #(..#...#...
#####...#### ##(..#...# ...
...........##.#...#...# ..
..####...>....#...##### ..#
#........#....
#.####........'....
#.............#


You could see a centaur warrior (burning) and a shadow imp.


Message History

k - 46 stones (gained 1)
k - 47 stones (gained 1)
There is an escape hatch in the floor here.
There is an open door here.
k - 48 stones (gained 1)
Things that are here:
a hand axe; a plate armour; a mace
k - 49 stones (gained 1)
k - 51 stones (gained 2)
Items here: ( ) [ ÷ a shiny ring mail; 4 tomahawks; a hand axe; an orc skeleton Some of the chunks of flesh in your inventory have rotted away.
Found 15 gold pieces.
Found a shield.
A worker ant comes into view.
Casting: Flame Tongue
Aiming: Flame Tongue
Okay, then.
Aim: a worker ant (hasn't noticed you)
You shoot a stone.
The stone closely misses the worker ant.
The worker ant twitches its antennae in your direction.
Aim: a worker ant You shoot a stone.
The stone hits the worker ant.
Casting: Flame Tongue
Aiming: Flame Tongue
Aim: a worker ant (lightly wounded)
The flame tongue hits the worker ant.
Casting: Flame Tongue
Aiming: Flame Tongue
Aim: a worker ant (severely wounded)
The flame tongue hits the worker ant.
You kill the worker ant!
Found 12 stones.
Found a scroll of remove curse.
You see here a worker ant corpse.
You butcher the worker ant corpse.
d - 7 chunks of flesh (gained 3)
You now have 360 gold pieces (gained 15).
A centaur warrior comes into view.
Found a bread ration and a chain mail.
There is an open door here.
The centaur warrior shouts!
The centaur warrior hits you!
Casting: Flame Tongue
Aiming: Sticky Flame
Aim: a centaur warrior, wearing a robe The sticky flame hits the centaur warrior.
The centaur warrior is covered in liquid flames!
You are feeling hungry.
The centaur warrior burns!
Casting: Sticky Flame
Aiming: Sticky Flame
Aim: a centaur warrior, wearing a robe (lightly wounded, covered in liquid flames)
The sticky flame hits the centaur warrior.
The centaur warrior is covered in liquid flames!
The centaur warrior burns!
The centaur warrior hits you!
* * * LOW HITPOINT WARNING * * *
The centaur warrior hits you.
* * * LOW HITPOINT WARNING * * *
The centaur warrior burns!
There is an open door here.
Casting: Sticky Flame You don't have enough magic to cast that spell.
The centaur warrior burns!
The centaur warrior reads a scroll.
Wisps of shadow swirl around the centaur warrior.
The centaur warrior burns!
The centaur warrior wields a shortbow.
The centaur warrior shoots an arrow.
The arrow hits you!!
Ouch! That really hurt!
You die...

Action                   |  1- 3 |  4- 6 |  7- 9 || total
-------------------------+-------+-------+-------++-------
 Fire: Hunting sling     |    62 |   140 |   150 ||   352
 Cast: Flame Tongue      |    42 |    87 |   195 ||   324
       Conjure Flame     |       |    12 |    12 ||    24
       Sticky Flame      |       |       |    20 ||    20
  Use: Scroll            |       |       |     7 ||     7
       Potion            |       |       |     1 ||     1
  Eat: Chunk             |     3 |     9 |    13 ||    25
       Pizza             |       |     1 |       ||     1
       Beef jerky        |       |       |     3 ||     3
       Royal jelly       |       |       |     1 ||     1

Vault maps used:
D:1:      dpeg_arrival_stonehenge_12_columns, st_stairs_2
D:2:      first_bread, serial_glass, glass_columns_a, glass_columns_b,
          glass_columns_c, glass_columns_a, glass_columns_a, glass_columns_c,
          glass_columns_a, glass_columns_b, minmay_strange_pillars,
          eino_tiny_chamber, uniq_robin
D:3:      johnstein_pakellas_death_squad, uniq_crazy_yiuf_cottage
D:4:      marbit_many_paths, minmay_bad_closet, lemuel_tele_altar, uniq_sigmund
D:5:      lemuel_old_faithful, uniq_pikel, uniq_duvessa
D:7:      minmay_overflow_temple_hex, minmay_temple_entry_overgrown,
          serial_shops, shop, uniq_prince_ribbit1
D:8:      kennysheep_blocky_room

Notes
Turn   | Place    | Note
--------------------------------------------------------------
     0 | D:1      | Sixotanaka the Octopode Fire Elementalist began the quest for the Orb.
     0 | D:1      | Reached XP level 1. HP: 11/11 MP: 3/3
   583 | D:1      | Reached skill level 2 in Conjurations
   583 | D:1      | Reached XP level 2. HP: 17/17 MP: 5/5
  1092 | D:1      | Reached XP level 3. HP: 21/21 MP: 6/6
  1316 | D:2      | Reached skill level 3 in Conjurations
  1326 | D:2      | Learned a level 3 spell: Conjure Flame
  1710 | D:2      | Reached XP level 4. HP: 25/27 MP: 1/7
  1913 | D:2      | Reached skill level 4 in Conjurations
  2121 | D:2      | Noticed Robin
  2332 | D:2      | Killed Robin
  2538 | D:2      | Reached XP level 5. HP: 31/31 MP: 8/8
  3272 | D:3      | Found an oddly glowing altar of Pakellas.
  3274 | D:3      | Reached skill level 5 in Conjurations
  3482 | D:3      | Noticed Crazy Yiuf
  3518 | D:3      | Killed Crazy Yiuf
  3971 | D:4      | Noticed Sigmund
  4023 | D:4      | Found a sparkling altar of Nemelex Xobeh.
  4081 | D:4      | Reached XP level 6. HP: 23/36 MP: 5/9
  4174 | D:4      | Reached skill level 6 in Conjurations
  4226 | D:4      | Learned a level 4 spell: Sticky Flame
  4636 | D:4      | Found an opulent altar of Gozag.
  4847 | D:4      | Reached skill level 7 in Conjurations
  4847 | D:4      | Reached XP level 7. HP: 30/41 MP: 6/10
  5014 | D:5      | Entered Level 5 of the Dungeon
  5054 | D:5      | Noticed Duvessa
  5054 | D:5      | Noticed Dowan
  5063 | D:5      | Killed Duvessa
  5243 | D:5      | Killed Dowan
  5243 | D:5      | Reached skill level 8 in Conjurations
  5383 | D:5      | Noticed Pikel
  5778 | D:5      | Reached XP level 8. HP: 22/46 MP: 0/11
  5947 | D:5      | Reached skill level 9 in Conjurations
  6219 | D:5      | Killed Pikel
  6219 | D:5      | Reached skill level 10 in Conjurations
  6842 | D:6      | Reached skill level 11 in Conjurations
  6842 | D:6      | Reached XP level 9. HP: 46/51 MP: 0/12
  7679 | D:7      | Upgraded the game from 0.18-a0-821-gde5c8d4 to 0.18-a0-822-gb52b7b4
  7945 | D:7      | Reached skill level 12 in Conjurations
  8092 | D:7      | Noticed Prince Ribbit
  8209 | D:7      | Killed Prince Ribbit
  8972 | D:7      | Found Vudyn's Armour Shop.
  9258 | D:8      | Reached skill level 13 in Conjurations
  9609 | D:8      | Noticed a centaur warrior
  9615 | D:8      | Shot with an arrow by a centaur warrior

Vanquished Creatures
  Pikel (D:5)
  Prince Ribbit (D:7)
  A hippogriff (D:7)
  Duvessa (D:5)
  An orc warrior (D:8)
  2 black bears
  2 slaves (D:5)
  2 phantoms
  2 ice beasts
  2 ogres
  A centaur (D:5)
  4 giant frogs
  Dowan (D:5)
  5 wights
  A scorpion (D:5)
  3 hounds
  2 jellies (D:6)
  2 iguanas
  Crazy Yiuf (D:3)
  A centaur skeleton (D:6)
  2 orc priests
  6 orc wizards
  A quasit (D:5)
  3 worker ants
  A hound zombie (D:7)
  A hound skeleton (D:6)
  Robin (D:2)
  11 adders
  An ooze (D:7)
  3 worms
  10 giant geckos
  24 orcs
  6 giant cockroaches
  13 goblins
  17 hobgoblins
  14 jackals
  3 quokkas
  4 ball pythons
  6 bats
  A giant gecko zombie (D:5)
  5 giant newts
  A jackal skeleton (D:4)
  7 kobolds
  7 rats
184 creatures vanquished.
